AoeStats
← Deputy Pete Mango

QS Arena

503232450Analyzed
3v3 RM · 1mo ago on Aug 30, 2026· 46m 58s· 6 players
Game mode
Random Map
Map size
Normal (6 player)
Population
200
Speed
Normal
Resources
Standard
Victory
Conquest
Starting age
Dark Age
Ending age
Imperial Age
RankedLock teamsTeams togetherTeam positionsShared explorationLock speedFull tech treeHidden civsTurbo modeCheats
Victory
Defeat
🇨🇦 Bengalis · Canada
1320
+11
🇺🇸 Slavs · United States
1216
+34
🇺🇸 Goths · United States
1109
+20
🇵🇪 Lithuanians · Peru
1211
-16
🇩🇪 Wei · Germany
1205
-16
🇺🇸 Koreans · United States
1203
-15
Willie Beamin
8:44 Feudal Age
7:00 Loom
9:33 Double-Bit Axe
9:29 Horse Collar
14:19 Castle Age
14:55 Crossbowman
21:53 Fletching
22:45 Wheelbarrow
30:32 Imperial Age
29:49 Bodkin Arrow
29:59 Heavy Plow
30:55 Pikeman
32:47 Elite Skirmisher
37:25 Bracer
38:38 Halberdier
43:45 Forging
45:19 Iron Casting
Marneus
7:35 Feudal Age
8:01 Feudal Age
10:23 Double-Bit Axe
13:17 Castle Age
11:03 Loom
11:02 Horse Collar
11:18 Gold Mining
11:18 Stone Mining
11:52 Stone Mining
14:10 Wheelbarrow
14:08 Bow Saw
20:18 Town Watch
22:39 Guard Tower
23:09 Ballistics
23:55 Fortified Wall
23:28 Treadmill Crane
25:04 Heavy Plow
26:53 Hand Cart
30:13 Imperial Age
28:10 Murder Holes
28:47 Scale Barding Armor
28:52 Forging
28:54 Bloodlines
28:45 Husbandry
28:06 Light Cavalry
30:03 Chain Barding Armor
35:03 Hoardings
37:51 Chemistry
37:27 Keep
38:23 Iron Casting
37:39 Fletching
39:56 Bodkin Arrow
41:02 Blast Furnace
40:19 Thumb Ring
40:41 Parthian Tactics
40:55 Heavy Scorpion
42:49 Town Patrol
42:59 Padded Archer Armor
43:15 Masonry
MC 14/60
8:14 Feudal Age
8:18 Feudal Age
9:08 Loom
12:23 Castle Age
11:33 Double-Bit Axe
15:11 Wheelbarrow
16:23 Hand Cart
15:56 Town Watch
22:33 Horse Collar
23:06 Bow Saw
26:16 Imperial Age
24:36 Forging
24:31 Scale Barding Armor
24:46 Husbandry
24:56 Bloodlines
26:21 Cavalier
28:00 Iron Casting
29:07 Paladin
29:55 Gold Mining
30:53 Heavy Plow
31:57 Chain Barding Armor
34:34 Two-Man Saw
34:06 Crop Rotation
34:29 Light Cavalry
37:22 Winged Hussar
38:27 Town Patrol
40:04 Conscription
44:08 Tower Shields
44:55 Elite Skirmisher
45:41 Thumb Ring
Squittlez
8:12 Feudal Age
12:15 Castle Age
11:26 Double-Bit Axe
11:22 Horse Collar
14:10 Bow Saw
17:34 Wheelbarrow
18:42 Gold Mining
19:48 Town Watch
20:45 Loom
21:30 Fortified Wall
21:31 Stone Mining
21:42 Heavy Plow
25:38 Imperial Age
23:17 Fletching
23:54 Ballistics
23:59 Bodkin Arrow
27:47 Bracer
28:55 Chemistry
28:04 Elite Elephant Archer
30:23 Conscription
30:23 Padded Archer Armor
30:40 Siege Engineers
33:13 Paiks
33:53 Leather Archer Armor
34:50 Scale Barding Armor
34:55 Forging
35:55 Bloodlines
35:45 Husbandry
36:48 Chain Barding Armor
37:03 Iron Casting
38:09 Masonry
37:21 Light Cavalry
38:38 Plate Barding Armor
38:44 Gold Shaft Mining
39:11 Two-Man Saw
38:24 Siege Elephant
40:32 Architecture
41:23 Blast Furnace
40:53 Ring Archer Armor
40:26 Treadmill Crane
Deputy Pete Mango
8:15 Feudal Age
9:34 Double-Bit Axe
12:40 Castle Age
13:24 Loom
14:20 Bow Saw
13:57 Horse Collar
19:12 Gold Mining
20:01 Wheelbarrow
21:34 Hand Cart
23:25 Coinage
28:28 Imperial Age
27:10 Sanctity
27:04 Pikeman
27:44 Squires
27:47 Scale Mail Armor
27:57 Forging
28:28 Heavy Plow
29:05 Gold Shaft Mining
28:45 Town Watch
28:45 Halberdier
29:38 Stone Mining
30:08 Capped Ram
31:07 Chain Mail Armor
31:27 Iron Casting
31:01 Siege Ram
32:33 Onager
34:21 Plate Mail Armor
34:55 Fletching
36:10 Blast Furnace
36:29 Ballistics
35:59 Heavy Scorpion
36:07 Heavy Scorpion
37:57 Ballistics
39:12 Siege Engineers
39:23 Druzhina
40:29 Banking
39:42 Man-at-Arms
42:49 Elite Boyar
43:35 Scale Barding Armor
43:56 Caravan
44:54 Conscription
44:34 Detinets
45:46 Two-Man Saw
45:16 Crop Rotation
45:38 Chain Barding Armor
45:14 Bodkin Arrow
47:00 Hoardings
47:06 Plate Barding Armor
46:43 Bloodlines
46:33 Husbandry
Legitkiller354
7:36 Feudal Age
13:09 Castle Age
12:44 Stone Mining
13:27 Loom
20:43 Double-Bit Axe
20:53 Horse Collar
26:35 Imperial Age
25:20 Pikeman
26:03 Squires
26:13 Scale Barding Armor
26:11 Scale Mail Armor
28:25 Bow Saw
31:21 Wheelbarrow
30:59 Heavy Plow
31:09 Gold Mining
33:21 Conscription
33:25 Hand Cart
33:25 Halberdier
34:57 Chain Mail Armor
36:25 Forging
37:20 Two-Man Saw
37:47 Iron Casting
38:39 Perfusion
40:29 Blast Furnace
41:05 Hand Cart
40:37 Town Watch
41:21 Capped Ram
41:40 Man-at-Arms
42:25 Fletching
43:01 Ballistics
42:52 Masonry
43:42 Chemistry
43:07 Long Swordsman
45:06 Two-Handed Swordsman
46:03 Bodkin Arrow
46:14 Anarchy
45:37 Elite Huskarl
Connection lost

Rejoining the realm…

Still unreachable

The connection could not be restored.

Session expired

The server has moved on; the page needs a fresh start.